 Dungeon Crawl Stone Soup version 0.29.1-1-gd02db6906a (webtiles) character file.

Game seed: 11515872494322145735

146 dave1331 the Shooter (level 5, -2/49 HPs)
             Began as a Troll Hunter on Oct 3, 2022.
             Slain by a scorpion (5 damage)
             ... on level 4 of the Dungeon.
             The game lasted 00:05:15 (2387 turns).

dave1331 the Shooter (Troll Hunter)                 Turns: 2387, Time: 00:05:16

Health: -2/49      AC:  4    Str: 21    XL:     5   Next: 7%
Magic:  4/4        EV: 10    Int:  5    God:
Gold:   256        SH:  0    Dex: 13    Spells: 4/4 levels left

rFire   . . .      SeeInvis .   a - +0 shortbow
rCold   . . .      Faith    .   (shield currently unavailable)
rNeg    . . .      Spirit   .   c - +0 robe
rPois   .          Reflect  .   (helmet restricted)
rElec   .          Harm     .   (no cloak)
rCorr   .          Rampage  .   (gloves unavailable)
Will    .....                   (boots unavailable)
Stlth   +.........              (no amulet)
HPRegen 0.96/turn               (no ring)
MPRegen 0.09/turn               (no ring)

@: no status effects
A: large, unfitting armour, claws 3, regeneration 1, shaggy fur 1, tough skin 1
a: no special abilities


You were on level 4 of the Dungeon.
You visited 1 branch of the dungeon, and saw 4 of its levels.

You collected 256 gold pieces.

Inventory:

Hand Weapons
 a - a +0 shortbow (weapon)
Armour
 c - a +0 robe (worn)
Jewellery
 h - an amulet of faith
 l - a +6 ring of intelligence
 r - a +6 ring of intelligence
Wands
 i - a wand of charming (17)
 t - a wand of light (13)
Scrolls
 b - 3 scrolls of immolation
 d - a scroll of blinking {unknown}
 e - 5 scrolls of identify {unknown}
 j - a scroll of amnesia {unknown}
 n - 3 scrolls of vulnerability {unknown}
 s - a scroll of magic mapping {unknown}
Potions
 f - 2 potions of mutation {unknown}
 g - a potion of magic {unknown}
 k - a potion of degeneration {unknown}
 m - 4 potions of haste {unknown}
 o - 3 potions of might {unknown}
 p - 2 potions of curing {unknown}
 q - a potion of resistance {unknown}
 u - a potion of heal wounds {unknown}


   Skills:
 + Level 2.2 Fighting
 + Level 4.0 Ranged Weapons
 + Level 2.0 Dodging
 + Level 0.5 Stealth


You had 4 spell levels left.
You didn't know any spells.
Your spell library was empty.

Dungeon Overview and Level Annotations

Branches:
Dungeon (4/15)
 Temple: D:4-7

Altars:
Ashenzari


Innate Abilities, Weirdness & Mutations

You are too large for most types of armour.
You have claws for hands.
Your natural rate of healing is unusually fast.
You are covered in fur. (AC +1)
You have tough skin. (AC +1)


Message History

The hound bites you.
* * * LOW HITPOINT WARNING * * *
The hound bites you.
* * * LOW HITPOINT WARNING * * *
You closely miss the hound. The hound bites you.
* * * LOW HITPOINT WARNING * * *
The hound bites you but does no damage. The hound closely misses you.
The hound bites you.
* * * LOW HITPOINT WARNING * * *
The hound attacks as you move away!
The hound bites you but does no damage. x2
The hound misses you. The hound barely misses you.
The hound bites you but does no damage. The hound bites you.
* * * LOW HITPOINT WARNING * * *
The hound completely misses you. The hound attacks as you move away!
The hound bites you.
* * * LOW HITPOINT WARNING * * *
The hound attacks as you move away! The hound barely misses you. x2
The hound attacks as you move away! The hound closely misses you.
The hound attacks as you move away! The hound bites you.
* * * LOW HITPOINT WARNING * * *
The hound bites you.
* * * LOW HITPOINT WARNING * * *
The ball python attacks as you move away!
The ball python bites you.
* * * LOW HITPOINT WARNING * * *
The hound attacks as you move away! The hound bites you.
* * * LOW HITPOINT WARNING * * *
The ball python attacks as you move away!
The ball python closely misses you. The hound attacks as you move away!
The hound bites you but does no damage. x2
The ball python barely misses you. The hound bites you.
* * * LOW HITPOINT WARNING * * *
The ball python bites you but does no damage.
The ball python closely misses you. The hound bites you.
* * * LOW HITPOINT WARNING * * *
The hound attacks as you move away! The hound barely misses you.
The scorpion stings you.
You die...

#.#.#####.....#..#)#.
#......)...........#.
#....####.....#..##..
#..#.# ##...##......
#..#.# ##)###.###..
#.(#.# #.# #.# ##.
#.J#.######.###.####.
#.Ss......#..........
#.h.@.......###.####.
####.####.### #......
#.# #.# #####.. #.#
#.#########.. #.#
#..[......... #.#
#..#########. #.#
#..# #... #.####..#
#... #.......## #.##


You could see a scorpion, a hound, a jelly and a ball python.

Vanquished Creatures
  A hound (D:4)
  2 adders
  2 worms (D:3)
  3 dart slugs
  An orc (D:3)
  6 ball pythons
  7 endoplasms
  4 giant cockroaches
  11 goblins
  6 hobgoblins
  8 jackals
  8 bats
  3 frilled lizards
  8 kobolds
  7 rats
77 creatures vanquished.

Notes
Turn   | Place    | Note
-------+----------+-------------------------------------------
     0 | D:1      | dave1331 the Troll Hunter began the quest for the Orb.
     0 | D:1      | Reached XP level 1. HP: 19/19 MP: 0/0
   112 | D:1      | Reached skill level 3 in Ranged Weapons
   112 | D:1      | Reached XP level 2. HP: 27/27 MP: 1/1
   254 | D:1      | Reached XP level 3. HP: 35/35 MP: 2/2
  1081 | D:2      | Found a faded altar of an unknown god.
  1423 | D:3      | Reached XP level 4. HP: 42/42 MP: 3/3
  2005 | D:4      | Found a broken altar of Ashenzari.
  2178 | D:4      | Reached skill level 4 in Ranged Weapons
  2178 | D:4      | Reached XP level 5. HP: 31/49 MP: 4/4
  2369 | D:4      | HP: 1/49 [hound (4)]
  2383 | D:4      | HP: 2/49 [hound (1)]
  2387 | D:4      | Slain by a scorpion

Illustrated notes

Levels and vault maps discovered:
D:1:      elethiomel_arrival_diamonds, layout_basic, minmay_tree_intersection
D:2:      layout_basic, ebering_ecumenical_altar_box, minmay_pentomino_q2
D:3:      layout_loops_ring, grunt_ministairs_2
D:4:      layout_loops_ring, cheibrodos_ashenzari_chains,
          minmay_temple_entry_ruins, minmay_goblin_outpost

Skill      XL: |  1  2  3  4  5 |
---------------+----------------+-----
Ranged Weapons | 3 4 |  4.0
Fighting       | 2 |  2.2
Dodging        | 2 |  2.0
Stealth        | |  0.5

Action                   |  1- 3 |  4- 6 || total
-------------------------+-------+-------++-------
Melee: Shortbow          |       |    21 ||    21
 Fire: Shortbow          |   156 |    97 ||   253
Armor: Robe              |    51 |    52 ||   103
Dodge: Dodged            |    57 |    92 ||   149
